 Dungeon Sprint DCSS version 0.23-a0-137-gef0ad6d (webtiles) character file.

148800 emperorscorpion the Sorcerer (level 16, -1/86 HPs)
             Began as an Octopode Air Elementalist on Aug 29, 2018.
             Was the Champion of Sif Muna.
             Slain by a ghost moth (8 damage)
             ... in the Dungeon (Sprint IX: "|||||||||||||||||||||||||||||").
             The game lasted 00:45:50 (5919 turns).

emperorscorpion the Sorcerer (OpAE)                 Turns: 5919, Time: 00:45:50

Health: -1/86      AC:  1    Str:  7 (8)  XL:     16   Next: 37%
Magic:  2/45       EV: 21    Int: 27      God:    Sif Muna [******]
Gold:   1138       SH:  0    Dex: 14      Spells: 12/66 levels left

rFire    + . .     SeeInvis .   a - +2 scimitar of the Pillar {protect, rC+ Stlth+}
rCold    + + .     Gourm    .   (no shield)
rNeg     . . .     Faith    .   (helmet restricted)
rPois    +         Spirit   .   F - amulet of regeneration
rElec    .         Reflect  .   o - +3 ring of intelligence
rCorr    .         Harm     .   p - +2 ring of evasion
MR       ++...     NoTele   +   G - ring of wizardry
Stlth    ++++......             v - ring of wizardry
HPRegen  0.64/turn              w - ring of protection from fire
MPRegen  0.29/turn              x - ring of protection from magic
                                y - ring of poison resistance
                                H - +4 ring of evasion

@: starving, divine energy, deflect missiles
A: almost no armour, stealthy swim, amphibious, 8 rings, constrict 8, repulsion
field 1, camouflage 1, clever 1, cold resistance 1, gelatinous body 1,
MP-powered wands
}: 3/15 runes: decaying, serpentine, barnacled
a: Stop Divine Energy, Channel Magic, Forget Spell, Renounce Religion


You were in the Dungeon.
You worshipped Sif Muna.
Sif Muna was exalted by your worship.
You were starving.

You visited 1 branch You collected 1938 gold pieces.
You spent 800 gold pieces at shops.

Inventory:

Hand Weapons
 a - the +2 scimitar of the Pillar (weapon) {protect, rC+ Stlth+}
   (You found it in the Dungeon)

   It protects the one who uses it against injury (+AC on strike).
   It protects you from cold.
   It makes you more stealthy.
 z - the +4 scimitar of Gemewo {slice, rF+ Str+7}
   (You found it in the Dungeon)

   It inflicts extra damage upon your enemies.
   It affects your strength (+7).
   It protects you from fire.
 I - the +6 scythe of Disorder {drain, rElec}
   (You found it in the Dungeon)

   A truly terrible weapon, it drains the life of those it strikes.
   It insulates you from electricity.
Missiles
 u - 4 throwing nets (quivered)
Armour
 A - a +1 large shield
Magical Staves
 b - an uncursed staff of energy
Jewellery
 l - a +6 ring of strength
 o - a +3 ring of intelligence (left tentacle)
 p - a +2 ring of evasion (right tentacle)
 r - a +3 ring of strength
 v - a ring of wizardry (on tentacle)
 w - a ring of protection from fire (on tentacle)
 x - a ring of protection from magic (on tentacle)
 y - a ring of poison resistance (on tentacle)
 E - a +6 ring of strength
 F - an amulet of regeneration (around mantle)
 G - a ring of wizardry (on tentacle)
 H - a +4 ring of evasion (on tentacle)
Scrolls
 h - 2 scrolls of blinking
 j - 7 scrolls of remove curse
 k - a scroll of amnesia
 n - 2 scrolls of identify
 s - a scroll of fog
 t - 8 scrolls of enchant armour
 C - 3 scrolls of fear
 D - 6 scrolls of enchant weapon
Potions
 c - 8 potions of curing
 d - 9 potions of heal wounds
 e - 6 potions of haste
 f - 4 potions of magic
 g - a potion of berserk rage
 i - a potion of invisibility
 q - 4 potions of resistance
 B - a potion of might
 J - a potion of agility
 K - a potion of brilliance
Comestibles
 m - 8 rations
 L - 7 chunks of flesh


   Skills:
 - Level 2.0 Dodging
 - Level 2.6 Stealth
 * Level 25.5 Spellcasting
 + Level 16.7 Conjurations
 - Level 10.0 Charms
 - Level 13.2 Necromancy
 - Level 5.4 Transmutations
 - Level 19.6 Air Magic
 * Level 9.3 Earth Magic
 * Level 20.0 Invocations


You had 12 spell levels left.
You knew the following spells:

 Your Spells              Type           Power        Failure   Level  Hunger
a - Chain Lightning       Conj/Air       #######...   1%          8    ####...
b - Blink                 Tloc           N/A          1%          2    None
c - Lightning Bolt        Conj/Air       #######...   0%          5    None
d - Airstrike             Air            #######...   0%          4    None
e - Deflect Missiles      Chrm/Air       #######...   1%          6    None
f - Freezing Cloud        Conj/Ice/Air   #######...   1%          6    None
g - Borgnjor's Vile Clut  Necr/Erth      #######...   1%          5    None
h - Orb of Destruction    Conj           #######...   1%          7    #......
r - Regeneration          Chrm/Necr      #######...   0%          3    None
s - Statue Form           Tmut/Erth      ######...    1%          6    None
w - Swiftness             Chrm/Air       #######.     0%          2    None

Your spell library contained the following spells:

 Spells                   Type           Power        Failure   Level  Hunger
 Animate Skeleton         Necr           N/A          0%          1    None
 Infusion                 Chrm           ####         0%          1    None
 Magic Dart               Conj           ####         0%          1    None
 Pain                     Necr           ####         0%          1    None
 Sandblast                Erth           ######       0%          1    None
 Shock                    Conj/Air       ####         0%          1    None
 Corpse Rot               Necr           N/A          0%          2    None
 Poisonous Vapours        Pois/Air       ######       0%          2    None
 Searing Ray              Conj           ######       0%          2    None
 Song of Slaying          Chrm           ######..     0%          2    None
 Sublimation of Blood     Necr           #######...   0%          2    None
 Mephitic Cloud           Conj/Pois/Air  #######.     0%          3    None
 Static Discharge         Conj/Air       #######.     0%          3    None
 Stone Arrow              Conj/Erth      ######       0%          3    None
 Vampiric Draining        Necr           #######...   0%          3    None
 Iskenderun's Mystic Bla  Conj           #######.     0%          4    None
 Apportation              Tloc           ####..       1%          1    None
 Confusing Touch          Hex            ####..       1%          1    None
 Corona                   Hex            ####...      1%          1    None
 Flame Tongue             Conj/Fire      #####        1%          1    None
 Sting                    Conj/Pois      ####         1%          1    None
 Summon Butterflies       Summ           ####....     1%          1    None
 Summon Small Mammal      Summ           ####         1%          1    None
 Call Imp                 Summ           ####....     1%          2    None
 Passwall                 Tmut/Erth      ######..     1%          2    None
 Shroud of Golubria       Chrm/Tloc      ######....   1%          2    None
 Slow                     Hex            ####....     1%          2    None
 Throw Frost              Conj/Ice       ######       1%          2    None
 Conjure Flame            Conj/Fire      ######..     1%          3    None
 Dazzling Spray           Conj/Hex       ######       1%          3    None
 Gell's Gravitas          Tloc           ####......   1%          3    None
 Ignite Poison            Fire/Tmut/Pois #####...     1%          3    None
 Lesser Beckoning         Tloc           ####......   1%          3    None
 Ozocubu's Armour         Chrm/Ice       ######..     1%          3    None
 Recall                   Summ/Tloc      N/A          1%          3    None
 Spectral Weapon          Hex/Chrm       ######..     1%          3    None
 Summon Guardian Golem    Hex/Summ       ####....     1%          3    None
 Teleport Other           Tloc           ####....     1%          3    None
 Tukima's Dance           Hex            ####....     1%          3    None
 Animate Dead             Necr           N/A          1%          4    None
 Force Lance              Conj/Tloc      ######..     1%          4    None
 Fulminant Prism          Conj/Hex       ######....   1%          4    None
 Ice Form                 Ice/Tmut       #####...     1%          4    None
 Leda's Liquefaction      Hex/Erth       ######....   1%          4    None
 Petrify                  Tmut/Erth      ######..     1%          4    None
 Sticky Flame             Conj/Fire      ######..     1%          4    None
 Summon Lightning Spire   Summ/Air       ######..     1%          4    None
 Throw Icicle             Conj/Ice       ######..     1%          4    None
 Agony                    Necr           #######.     1%          5    None
 Bolt of Draining         Conj/Necr      #######...   1%          5    None
 Bolt of Magma            Conj/Fire/Erth ######....   1%          5    None
 Dispel Undead            Necr           #######.     1%          5    None
 Excruciating Wounds      Chrm/Necr      #######...   1%          5    None
 Fireball                 Conj/Fire      ######....   1%          5    None
 Irradiate                Conj/Tmut      #######...   1%          5    None
 Iskenderun's Battlesphe  Conj/Chrm      #######.     1%          5    None
 Lee's Rapid Deconstruct  Erth           ######....   1%          5    None
 Silence                  Hex/Air        ######....   1%          5    None
 Venom Bolt               Conj/Pois      ######....   1%          5    None
 Bolt of Fire             Conj/Fire      ######....   1%          6    None
 Conjure Ball Lightning   Conj/Air       #######...   1%          6    None
 Death Channel            Necr           #######...   1%          6    None
 Iron Shot                Conj/Erth      #######...   1%          6    None
 Poison Arrow             Conj/Pois      ######....   1%          6    None
 Cause Fear               Hex            ####......   2%          4    None
 Olgreb's Toxic Radiance  Pois           ####....     2%          4    None
 Passage of Golubria      Tloc           N/A          2%          4    None
 Alistair's Intoxication  Tmut/Pois      #####...     2%          5    None
 Yara's Violent Unravell  Hex/Tmut       #####.....   2%          5    None
 Simulacrum               Ice/Necr       ######....   2%          6    None
 Summon Demon             Summ           ####......   7%          5    None
 Summon Forest            Summ/Tloc      ####......   7%          5    None
 Summon Mana Viper        Hex/Summ       ####....     7%          5    None
 Spellforged Servitor     Conj/Summ      ######....   7%          7    #......
 Borgnjor's Revivificati  Necr           #######...   7%          8    ####...
 Infestation              Necr           #######...   7%          8    ####...
 Lehudib's Crystal Spear  Conj/Erth      #######...   7%          8    ####...
 Tornado                  Air            #######...   8%          9    ######.
 Haunt                    Necr/Summ      ######....   13%         7    #......
 Death's Door             Chrm/Necr      #######...   13%         8    ####...
 Dragon Form              Tmut           ######....   21%         7    #......
 Ring of Flames           Chrm/Fire      ######....   24%         7    #......
 Necromutation            Tmut/Necr      ######....   30%         8    ####...
 Darkness                 Hex            ####......   32%         6    None
 Invisibility             Hex            ####....     32%         6    None
 Ozocubu's Refrigeration  Ice            ####......   32%         6    None
 Malign Gateway           Summ/Tloc      ####......   85%         7    #......
 Summon Greater Demon     Summ           ####......   85%         7    #......
 Summon Hydra             Summ           ####......   85%         7    #......
 Shatter                  Erth           ######....   98%         9    ######.
 Fire Storm               Conj/Fire      ######....   99%         9    ######.
 Glaciate                 Conj/Ice       ######....   99%         9    ######.
 Dragon's Call            Summ           ####......   100%        9    ######.


Dungeon Overview and Level Annotations

Branches:
Dungeon (1/1)

Altars:
Cheibriados
Dithmenos
Elyvilon
Fedhas
Gozag
Hepliaklqana
Kikubaaqudgha
Makhleb
Nemelex Xobeh
Okawaru
Qazlal
Ru
Sif Muna
Trog
Uskayaw
Vehumet
Wu Jian
Xom
Yredelemnul
Zin
The Shining One
Beogh
Jiyva
Lugonu

Shops:
D !*:(


Innate Abilities, Weirdness & Mutations

You cannot wear most types of armour.
You are very stealthy in the water. (Stealth+)
You are amphibious.
You can wear up to eight rings at the same time.
You can use your tentacles to constrict eight enemies at once.
Your skin changes colour to match your surroundings (Stealth+).
Your rubbery body absorbs attacks. (AC +1, EV +1)
You are surrounded by a mild repulsion field. (EV +2)
Your mind is acute. (Int +2)
Your flesh is cold resistant. (rC+)
You expend magic power (3 MP) to strengthen your wands.


Message History

You feel you are being watched by something.
You feel your power leaking away.
You feel you are being watched by something.
Something hits you but does no damage. Something barely misses you.
Something stings you but does no damage.
The jumping spider leaps!
Things that are here:
a trident of venom; a robe; a merfolk skeleton Unknown command.
You are starving!
You revert to your normal fleshy form.
You feel you are being watched by something.
You feel your power leaking away. Something hits you!
* * * LOW HITPOINT WARNING * * *
Something hits you!
* * * LOW HITPOINT WARNING * * *
You feel weakened. Something stings you!
You die...

.[())('............)).)()[...†...
▓▓▓▓▓▓▓▓▓▓▓▓▓▓▓▓▓▓▓▓▓▓▓▓▓▓▓▓▓▓▓▓▓
..............................)).
▓▓▓▓▓▓▓▓▓▓▓▓▓▓▓▓▓▓▓▓▓▓▓▓▓▓▓▓▓▓▓▓▓
......[[[[[[....))))).........'..
▓▓▓▓▓▓▓▓▓▓▓▓▓▓▓▓▓▓▓▓▓▓▓▓▓▓▓▓▓▓▓▓▓
.................................
▓▓▓▓▓▓▓▓▓▓▓▓▓▓▓▓▓▓▓▓▓▓♣♣♣♣♣♣♣♣♣♣♣
)..))s)))§..sss{@))))'.......[[..
▓▓▓▓▓▓▓▓▓▓▓▓▓▓▓▓▓▓▓▓▓▓♣♣♣♣♣♣♣♣♣♣♣


You could see 2 emperor scorpions and a demonic crawler.

Vanquished Creatures
  Mara (D)
  Boris (D)
  Margery (D)
  A tengu reaver (D)
  A shadow dragon (D)
  Ilsuiw (D)
  5 nagarajas (D)
  A fire giant (D)
  2 emperor scorpions (D)
  Louise (D)
  3 ironheart preservers (D)
  3 very ugly things (D)
  2 stone giants (D)
  A deep elf annihilator (D)
  2 fire dragons (D)
  2 merfolk javelineers (D)
  5 merfolk impalers (D)
  2 great orbs of eyes (D)
  A yaktaur captain (D)
  6 hydras (D)
  2 ice dragons (D)
  3 naga warriors (D)
  Harold (D)
  A merfolk avatar (D)
  A centaur warrior (D)
  2 rakshasas (D)
  5 merfolk aquamancers (D)
  A ghost crab (D)
  A two-headed ogre (D)
  2 alligators (D)
  4 ogre magi (D)
  A tengu warrior (D)
  An orc high priest (D)
  A shock serpent (D)
  2 deep troll shamans (D)
  A deep elf knight (D)
  4 hell knights (D)
  A skeletal warrior (D)
  An unseen horror (D)
  9 deep trolls (D)
  A shambling mangrove (D)
  6 swamp dragons (D)
  2 ironbrand convokers (D)
  A lindwurm (shapeshifter) (D)
  A deep elf mage (D)
  2 wolf spiders (D)
  2 necromancers (D)
  5 ugly things (D)
  A manticore (D)
  4 merfolk sirens (D)
  A vault sentinel (D)
  2 guardian serpents (D)
  4 naga magi (D)
  A torpor snail (D)
  4 black mambas (D)
  A spiny frog (shapeshifter) (D)
  A kobold demonologist (D)
  3 yaktaurs (D)
  5 spiny frogs (D)
  A freezing wraith (D)
  2 komodo dragons (D)
  3 demonic crawlers (D)
  3 jumping spiders (D)
  2 trolls (D)
  A merfolk (D)
  A tyrant leech (D)
  A hornet (shapeshifter) (D)
  A bog body (D)
  A slime creature (D)
  A dream sheep (D)
  A hippogriff (D)
  A snapping turtle (D)
  2 wraiths (D)
  A redback (D)
  A vampire (D)
  3 tarantellas (D)
  A basilisk (shapeshifter) (D)
  2 yaks (D)
  2 wyverns (D)
  A water elemental (D)
  3 nagas (D)
  An insubstantial wisp (D)
  4 wargs (D)
  An acid dragon (D)
  3 water moccasins (D)
  A floating eye (D)
  3 porcupines (D)
  A swamp drake (D)
  7 orc warriors (D)
  A boggart (D)
  4 wolves (D)
  A centaur (D)
  2 crocodiles (D)
  A bullfrog (D)
  4 orc priests (D)
  A jelly (D)
  An iguana (D)
  3 orc wizards (D)
  A worker ant (D)
  An ooze (D)
  2 adder zombies (D)
  A leopard gecko (D)
  11 orcs (D)
  3 bats (D)
  A bat zombie (D)
  A goblin (D)
  3 quokkas (D)
  A frilled lizard (D)
232 creatures vanquished.

Notes
Turn   | Place    | Note
-------+----------+-------------------------------------------
     0 | D        | emperorscorpion the Octopode Air Elementalist began the
                  | quest for the Orb.
     0 | D        | Reached XP level 1. HP: 11/11 MP: 3/3
     5 | D        | Reached skill level 3 in Spellcasting
    11 | D        | Reached skill level 4 in Spellcasting
    11 | D        | Reached XP level 2. HP: 3/17 MP: 0/7
   306 | D        | Reached skill level 5 in Air Magic
   306 | D        | Reached XP level 3. HP: 21/21 MP: 2/9
   310 | D        | Reached skill level 5 in Spellcasting
   323 | D        | Learned a level 2 spell: Swiftness
   324 | D        | Found a roughly hewn altar of Beogh.
   324 | D        | Found a snail-covered altar of Cheibriados.
   324 | D        | Found a shadowy altar of Dithmenos.
   324 | D        | Found a white marble altar of Elyvilon.
   324 | D        | Found a blossoming altar of Fedhas.
   324 | D        | Found an opulent altar of Gozag.
   325 | D        | Found a hazy altar of Hepliaklqana.
   326 | D        | Found a viscous altar of Jiyva.
   327 | D        | Found an ancient bone altar of Kikubaaqudgha.
   328 | D        | Found a corrupted altar of Lugonu.
   329 | D        | Found a burning altar of Makhleb.
   330 | D        | Found a sparkling altar of Nemelex Xobeh.
   331 | D        | Found an iron altar of Okawaru.
   332 | D        | Found a stormy altar of Qazlal.
   333 | D        | Found a sacrificial altar of Ru.
   334 | D        | Found a deep blue altar of Sif Muna.
   335 | D        | Found a bloodstained altar of Trog.
   336 | D        | Found a hide-covered altar of Uskayaw.
   337 | D        | Found a radiant altar of Vehumet.
   338 | D        | Found an ornate altar of the Wu Jian Council.
   339 | D        | Found a shimmering altar of Xom.
   340 | D        | Found a basalt altar of Yredelemnul.
   341 | D        | Found a glowing silver altar of Zin.
   342 | D        | Became a worshipper of Sif Muna the Loreminder
   343 | D        | Found a glowing golden altar of the Shining One.
   361 | D        | Got the +2 scimitar of the Pillar {protect, rC+ Stlth+}
   387 | D        | Noticed a water moccasin
   387 | D        | Noticed a centaur
   392 | D        | Killed a centaur
   392 | D        | Reached * piety under Sif Muna
   392 | D        | Reached skill level 6 in Spellcasting
   392 | D        | Reached XP level 4. HP: 13/27 MP: 4/12
   392 | D        | Reached XP level 5. HP: 15/31 MP: 4/13
   394 | D        | Reached ** piety under Sif Muna
   395 | D        | Killed a water moccasin
   395 | D        | Reached *** piety under Sif Muna
   395 | D        | Reached skill level 7 in Spellcasting
   395 | D        | Reached XP level 6. HP: 18/36 MP: 3/16
   402 | D        | Learned a level 5 spell: Lightning Bolt
   410 | D        | Learned a level 4 spell: Airstrike
   492 | D        | Noticed a wraith
   492 | D        | Noticed an orc warrior
   492 | D        | Noticed a deep elf mage
   500 | D        | Reached skill level 10 in Air Magic
   500 | D        | Reached skill level 1 in Invocations
   502 | D        | Killed an unseen horror
   502 | D        | Reached **** piety under Sif Muna
   502 | D        | Reached ***** piety under Sif Muna
   502 | D        | Received a gift from Sif Muna
   502 | D        | Reached skill level 8 in Spellcasting
   502 | D        | Reached skill level 5 in Invocations
   502 | D        | Reached XP level 7. HP: 29/41 MP: 0/19
   502 | D        | Killed a deep elf mage
   502 | D        | Reached skill level 9 in Spellcasting
   502 | D        | Reached skill level 5 in Conjurations
   502 | D        | Reached XP level 8. HP: 33/46 MP: 0/21
   543 | D        | Killed a wraith
   562 | D        | Learned a level 6 spell: Deflect Missiles
   670 | D        | Gained mutation: Your mind is acute. (Int +2) [potion of
                  | mutation]
   670 | D        | Gained mutation: You are surrounded by a mild repulsion
                  | field. (EV +2) [potion of mutation]
   670 | D        | Gained mutation: You expend magic power (3 MP) to
                  | strengthen your wands. [potion of mutation]
   670 | D        | Gained mutation: Your flesh is cold resistant. (rC+)
                  | [potion of mutation]
   689 | D        | Noticed a komodo dragon
   689 | D        | Noticed a yak
   689 | D        | Noticed a spiny frog
   689 | D        | Noticed a spiny frog
   693 | D        | Killed a spiny frog
   693 | D        | Identified Sif Muna's Guide on Virous Moulding (Sif Muna
                  | gifted it to you in the Dungeon)
   693 | D        | Received a gift from Sif Muna
   693 | D        | Reached skill level 10 in Spellcasting
   693 | D        | Reached XP level 9. HP: 51/51 MP: 9/23
   695 | D        | Killed a spiny frog
   695 | D        | Killed a komodo dragon
   729 | D        | Reached skill level 11 in Spellcasting
   760 | D        | Identified Hinag's Almanac of Captivating Attacks (Sif Muna
                  | gifted it to you in the Dungeon)
   760 | D        | Received a gift from Sif Muna
   774 | D        | Learned a level 5 spell: Borgnjor's Vile Clutch
   788 | D        | Noticed a komodo dragon
   795 | D        | Killed a komodo dragon
   795 | D        | Reached skill level 1 in Charms
   795 | D        | Reached skill level 1 in Necromancy
   795 | D        | Reached skill level 15 in Air Magic
   795 | D        | Reached XP level 10. HP: 56/56 MP: 19/25
   798 | D        | Noticed a spiny frog
   799 | D        | Reached skill level 10 in Invocations
   800 | D        | Noticed a spiny frog
   804 | D        | Killed a spiny frog
   805 | D        | Killed a spiny frog
   805 | D        | Identified Sif Muna's Further Steps in the Arcane Arts (Sif
                  | Muna gifted it to you in the Dungeon)
   805 | D        | Received a gift from Sif Muna
   832 | D        | Reached skill level 12 in Spellcasting
   960 | D        | Identified Sif Muna's Almanac of Damage Dealing and Stones
                  | (Sif Muna gifted it to you in the Dungeon)
   960 | D        | Received a gift from Sif Muna
  1005 | D        | Learned a level 6 spell: Freezing Cloud
  1218 | D        | Noticed an orc high priest
  1221 | D        | Killed an orc high priest
  1221 | D        | Reached skill level 5 in Necromancy
  1232 | D        | Reached skill level 5 in Charms
  1233 | D        | Identified Sif Muna's Disquisition on Twisted Enhancements
                  | (Sif Muna gifted it to you in the Dungeon)
  1233 | D        | Received a gift from Sif Muna
  1233 | D        | Reached XP level 11. HP: 33/61 MP: 7/27
  1280 | D        | Found Poluh's Weapon Boutique.
  1280 | D        | Noticed a deep troll
  1280 | D        | Noticed an ogre mage
  1280 | D        | Noticed a deep troll
  1280 | D        | Noticed a deep troll
  1280 | D        | Noticed a deep troll
  1301 | D        | Killed a deep troll
  1301 | D        | Reached skill level 13 in Spellcasting
  1304 | D        | Killed a deep troll
  1304 | D        | Killed a deep troll
  1514 | D        | Killed an ogre mage
  1514 | D        | Reached ****** piety under Sif Muna
  1514 | D        | Identified Sif Muna's Disquisition on Creative Talismans
                  | (Sif Muna gifted it to you in the Dungeon)
  1514 | D        | Received a gift from Sif Muna
  1520 | D        | Learned a level 3 spell: Regeneration
  1614 | D        | Killed a deep troll
  1670 | D        | Noticed an ogre mage
  1676 | D        | Noticed a deep troll
  1677 | D        | Killed an ogre mage
  1677 | D        | Reached skill level 14 in Spellcasting
  1682 | D        | Killed a deep troll
  1832 | D        | Found Upeuc's Book Shop.
  1834 | D        | Found Kosakiuggim's General Store.
  1842 | D        | Noticed a deep troll
  1848 | D        | Killed a deep troll
  1848 | D        | Received a gift from Sif Muna
  1861 | D        | Noticed a deep troll
  1878 | D        | Killed a deep troll
  2037 | D        | Noticed a deep troll
  2044 | D        | Killed a deep troll
  2095 | D        | Noticed a deep troll
  2210 | D        | Killed a deep troll
  2210 | D        | Reached XP level 12. HP: 66/66 MP: 19/30
  2277 | D        | Found Ybyt's Distillery.
  2311 | D        | Noticed Harold
  2331 | D        | Bought a potion of haste for 120 gold pieces
  2331 | D        | Bought 2 potions of haste for 240 gold pieces
  2333 | D        | Bought 2 potions of haste for 200 gold pieces
  2335 | D        | Bought a book of Minor Magic for 240 gold pieces
  2338 | D        | Learned a level 2 spell: Blink
  2370 | D        | Killed Harold
  2566 | D        | Got the +4 scimitar of Gemewo {slice, rF+ Str+7}
  2597 | D        | Noticed an ogre mage
  2600 | D        | Killed an ogre mage
  2600 | D        | Identified Sif Muna's Papyrus of the Birds and Hexes (Sif
                  | Muna gifted it to you in the Dungeon)
  2600 | D        | Received a gift from Sif Muna
  2600 | D        | Reached skill level 15 in Spellcasting
  2602 | D        | Noticed a two-headed ogre
  2603 | D        | Reached skill level 10 in Conjurations
  2606 | D        | Noticed a centaur warrior
  2607 | D        | Killed a two-headed ogre
  2607 | D        | Noticed a tengu warrior
  2608 | D        | Killed a centaur warrior
  2609 | D        | Noticed a fire dragon
  2614 | D        | Killed a tengu warrior
  2614 | D        | Identified Sif Muna's Compendium of the Birds and Aid (Sif
                  | Muna gifted it to you in the Dungeon)
  2614 | D        | Received a gift from Sif Muna
  2614 | D        | Noticed a cyan very ugly thing
  2620 | D        | Killed a cyan very ugly thing
  2621 | D        | Killed a fire dragon
  2621 | D        | Reached skill level 16 in Spellcasting
  2625 | D        | Received a gift from Sif Muna
  2757 | D        | Noticed a naga warrior
  2763 | D        | Killed a naga warrior
  2763 | D        | Reached XP level 13. HP: 57/71 MP: 12/33
  2777 | D        | Identified Sif Muna's Guide on Destructive Good Luck (Sif
                  | Muna gifted it to you in the Dungeon)
  2777 | D        | Received a gift from Sif Muna
  3267 | D        | Reached skill level 17 in Spellcasting
  3403 | D        | Reached skill level 10 in Charms
  3404 | D        | Identified Ibicen's Guide on Freezing Evil (Sif Muna gifted
                  | it to you in the Dungeon)
  3404 | D        | Received a gift from Sif Muna
  3662 | D        | Received a gift from Sif Muna
  3662 | D        | Reached skill level 18 in Spellcasting
  4109 | D        | Noticed a shadow dragon
  4109 | D        | Noticed a fire giant
  4109 | D        | Noticed a stone giant
  4109 | D        | Noticed an ice dragon
  4112 | D        | Received a gift from Sif Muna
  4114 | D        | Noticed an ice dragon
  4115 | D        | Killed an ice dragon
  4115 | D        | Killed a stone giant
  4115 | D        | Reached skill level 19 in Spellcasting
  4115 | D        | Reached skill level 15 in Invocations
  4115 | D        | Killed a fire giant
  4120 | D        | Killed an ice dragon
  4120 | D        | Identified Sif Muna's Almanac of Attacks and Calling (Sif
                  | Muna gifted it to you in the Dungeon)
  4120 | D        | Received a gift from Sif Muna
  4121 | D        | Noticed a tengu reaver
  4122 | D        | Killed a shadow dragon
  4122 | D        | Reached XP level 14. HP: 76/76 MP: 7/37
  4123 | D        | Noticed a deep elf annihilator
  4130 | D        | Killed a tengu reaver
  4131 | D        | Killed a deep elf annihilator
  4131 | D        | Reached skill level 20 in Spellcasting
  4229 | D        | Received a gift from Sif Muna
  4373 | D        | Learned a level 8 spell: Infestation
  4379 | D        | Reached skill level 10 in Necromancy
  4380 | D        | Noticed a brown very ugly thing
  4380 | D        | Noticed a white very ugly thing
  4388 | D        | Killed a brown very ugly thing
  4391 | D        | Killed a white very ugly thing
  4533 | D        | Noticed an ironheart preserver
  4537 | D        | Identified Affebbit's Grimoire of the Voyage and Aid (Sif
                  | Muna gifted it to you in the Dungeon)
  4537 | D        | Received a gift from Sif Muna
  4537 | D        | Noticed an ironheart preserver
  4542 | D        | Killed an ironheart preserver
  4542 | D        | Noticed an ironheart preserver
  4549 | D        | Killed an ironheart preserver
  4550 | D        | Killed an ironheart preserver
  4552 | D        | Identified Sif Muna's Incunabulum of Conjuration (Sif Muna
                  | gifted it to you in the Dungeon)
  4552 | D        | Received a gift from Sif Muna
  4554 | D        | Reached skill level 21 in Spellcasting
  4558 | D        | Noticed a stone giant
  4561 | D        | Killed a stone giant
  4593 | D        | Identified Sif Muna's Compendium of Excruciating Flight
                  | (Sif Muna gifted it to you in the Dungeon)
  4593 | D        | Received a gift from Sif Muna
  4733 | D        | Noticed Mara
  4742 | D        | Learned a level 6 spell: Statue Form
  4752 | D        | Learned a level 8 spell: Chain Lightning
  4755 | D        | Killed Mara
  4755 | D        | Received a gift from Sif Muna
  4755 | D        | Reached skill level 22 in Spellcasting
  4755 | D        | Reached XP level 15. HP: 81/81 MP: 18/41
  4756 | D        | Noticed Louise
  4762 | D        | Killed Louise
  4793 | D        | Noticed Boris
  5196 | D        | Reached skill level 1 in Transmutations
  5196 | D        | Reached skill level 1 in Earth Magic
  5229 | D        | Noticed Margery
  5234 | D        | Killed Margery
  5234 | D        | Received a gift from Sif Muna
  5324 | D        | Learned a level 7 spell: Orb of Destruction
  5422 | D        | Killed Boris
  5422 | D        | Identified Ushulapt's Catalogue of Execration and the
                  | Frostbite (Sif Muna gifted it to you in the Dungeon)
  5422 | D        | Received a gift from Sif Muna
  5422 | D        | Reached skill level 23 in Spellcasting
  5422 | D        | Reached skill level 15 in Conjurations
  5522 | D        | Found the +0 Maxwell's etheric cage {RegenMP+ *Contam rElec
                  | MP+4}
  5528 | D        | Got the +6 scythe of Disorder {drain, rElec}
  5661 | D        | Reached skill level 5 in Transmutations
  5661 | D        | Reached skill level 5 in Earth Magic
  5666 | D        | Identified Sif Muna's Collected Works on the Damaging
                  | Mountains (Sif Muna gifted it to you in the Dungeon)
  5666 | D        | Received a gift from Sif Muna
  5678 | D        | Got a decaying rune of Zot
  5768 | D        | Noticed Ilsuiw
  5772 | D        | Identified Sif Muna's Volume of the Escort (Sif Muna gifted
                  | it to you in the Dungeon)
  5772 | D        | Received a gift from Sif Muna
  5775 | D        | Reached skill level 24 in Spellcasting
  5778 | D        | Killed Ilsuiw
  5782 | D        | Received a gift from Sif Muna
  5782 | D        | Reached XP level 16. HP: 86/86 MP: 21/44
  5798 | D        | Got a barnacled rune of Zot
  5808 | D        | Noticed a nagaraja
  5808 | D        | Noticed a nagaraja
  5808 | D        | Noticed a nagaraja
  5809 | D        | Noticed a nagaraja
  5810 | D        | Noticed a nagaraja
  5812 | D        | Killed a nagaraja
  5813 | D        | Killed a nagaraja
  5815 | D        | Killed a nagaraja
  5815 | D        | Identified Sif Muna's Compendium of Harmful Transmutation
                  | (Sif Muna gifted it to you in the Dungeon)
  5815 | D        | Received a gift from Sif Muna
  5815 | D        | Killed a nagaraja
  5815 | D        | Reached skill level 25 in Spellcasting
  5816 | D        | Killed a nagaraja
  5830 | D        | Received a gift from Sif Muna
  5844 | D        | Got a serpentine rune of Zot
  5911 | D        | Identified Sif Muna's Volume of Confrontation and
                  | Transmigration (Sif Muna gifted it to you in the Dungeon)
  5911 | D        | Received a gift from Sif Muna
  5919 | D        | Slain by a ghost moth

Vault maps used:
D:        linesprint

Skill      XL: |  1  2  3  4  5  6  7  8  9 10 11 12 13 14 15 16 |
---------------+-------------------------------------------------+-----
Spellcasting   | 4 6 7 8 9 10 11 12 14 16 19 22 24 25 | 25.5
Air Magic      | 5 7 9 12 13 15 16 17 18 19 | 19.6
Conjurations   | 2 3 4 5 6 7 9 11 12 14 15 16 | 16.7
Invocations    | 5 7 8 9 11 12 13 15 17 19 20 | 20.0
Charms         | 1 5 7 9 10 | 10.0
Necromancy     | 1 5 7 9 12 13 | 13.2
Transmutations | 5 |  5.4
Earth Magic    | 7 9 |  9.3
Dodging        | |  2.0
Stealth        | |  2.6

Action                   |  1- 3 |  4- 6 |  7- 9 | 10-12 | 13-15 | 16-18 || total
-------------------------+-------+-------+-------+-------+-------+-------++-------
Melee: Unarmed           |    11 |       |       |       |       |       ||    11
       Constrict         |     3 |       |       |     5 |     1 |     1 ||    10
       Scimitar          |     1 |       |     4 |    15 |       |    11 ||    31
       Tentacles         |     1 |       |     2 |     3 |     1 |     2 ||     9
       Staff             |       |       |       |       |     1 |       ||     1
Throw: Throwing net      |       |       |       |       |     1 |       ||     1
 Cast: Shock             |    13 |     2 |       |       |       |       ||    15
       Swiftness         |     1 |     1 |     2 |     1 |     3 |       ||     8
       Lightning Bolt    |       |     3 |    11 |    79 |    91 |       ||   184
       Airstrike         |       |       |     5 |     7 |     9 |       ||    21
       Deflect Missiles  |       |       |     1 |       |     1 |     1 ||     3
       Freezing Cloud    |       |       |       |     9 |     6 |       ||    15
       Regeneration      |       |       |       |     1 |       |       ||     1
       Borgnjor's Vile C |       |       |       |     2 |    19 |       ||    21
       Blink             |       |       |       |       |    14 |       ||    14
       Chain Lightning   |       |       |       |       |    30 |    19 ||    49
       Statue Form       |       |       |       |       |     6 |     2 ||     8
       Orb of Destructio |       |       |       |       |     5 |       ||     5
Invok: Channel Magic     |       |       |     3 |     7 |    19 |     5 ||    34
       Divine Energy     |       |       |     1 |       |       |       ||     1
       Forget Spell      |       |       |       |       |     1 |       ||     1
 Abil: End Transformatio |       |       |       |       |     2 |       ||     2
Evoke: Wand              |       |     4 |     3 |     3 |       |       ||    10
  Use: Potion            |       |     1 |     1 |     1 |       |     1 ||     4
       Scroll            |       |       |       |       |     2 |       ||     2
  Eat: Chunk             |       |       |     3 |    13 |     5 |     1 ||    22
       Ration            |       |       |       |       |     3 |       ||     3
Armor: Skin              |       |       |       |     3 |    40 |    63 ||   106
Dodge: Dodged            |    10 |     3 |     4 |    33 |    49 |    72 ||   171
       Deflected         |       |       |       |     2 |    10 |     7 ||    19
       Rpst.: Scimitar   |       |     1 |     1 |     7 |     3 |     6 ||    18

Table legend:
 A = Non-vault XP
 B = Vault XP
 C = Vault XP percentage of total XP
 D = Non-vault monster count
 E = Vault monster count
 F = Vault count percentage of total count
                 A         B        C        D         E       F
            +---------+---------+-------+---------+---------+-------
      Total |       0 |  148286 | 100.0 |       0 |     232 | 100.0
            +---------+---------+-------+---------+---------+-------
          D |       0 |  148286 | 100.0 |       0 |     232 | 100.0
            +---------+---------+-------+---------+---------+-------
